 Dungeon Crawl Stone Soup version 0.31.0-10-gcf4a605ca0 (webtiles) character file.

Game seed: 7625497759099791276

6496 tsouns the Basher (level 11, 0/106 HPs)
             Began as a Tengu Berserker on Jan 26, 2024.
             Was an Elder of Trog.
             Slain by a komodo dragon (23 damage)
             ... on level 1 of the Lair of Beasts.
             The game lasted 00:12:53 (7455 turns).

tsouns the Basher (Tengu Berserker)                 Turns: 7455, Time: 00:12:53

Health: 0/106      AC:  8    Str: 27    XL:     11   Next: 0%
Magic:  12/12      EV: 16    Int:  9    God:    Trog [****..]
Gold:   192        SH:  4    Dex: 18    Spells: 10/10 levels left

rFire   + . .        w - +6 mace of the Egg {flame, rF+ Dex+5}
rCold   + . .        f - +0 buckler
rNeg    . . .        b - +0 acid dragon scales
rPois   .            (helmet restricted)
rElec   .            (no cloak)
rCorr   +            (no gloves)
SInv    .            (boots unavailable)
Will    .....        (no amulet) Stlth
                     n - +6 ring of strength
HPRegen 0.37/turn    k - ring of protection from cold
MPRegen 0.13/turn

%: acrobat
@: berserking, flying, very quick
A: beak, talons 3, evasive flight, acrobatic
a: Renounce Religion, Berserk, Trog's Hand, Brothers in Arms


You were on level 1 of the Lair of Beasts.
You worshipped Trog.
Trog was greatly pleased with you.
You visited 2 branches of the dungeon, and saw 9 of its levels.

You collected 445 gold pieces.
You spent 253 gold pieces at shops.

Inventory:

Hand Weapons
 w - the +6 mace of the Egg (weapon) {flame, rF+ Dex+5}
   (You found it on level 6 of the Dungeon)

   Dex+5:     It affects your dexterity (+5).
   rF+:       It protects you from fire.
 F - a +5 flail
Missiles
 t - 5 javelins (quivered)
Armour
 b - +0 acid dragon scales (worn)
 f - a +0 buckler (worn)
Jewellery
 k - a ring of protection from cold (right hand)
 m - a ring of see invisible
 n - a +6 ring of strength (left hand)
Wands
 e - a wand of quicksilver (3)
 j - a wand of charming (14)
 r - a wand of flame (7)
 u - a wand of digging (5)
Scrolls
 a - a scroll of immolation
 p - a scroll of torment
 q - 2 scrolls of teleportation
 v - a scroll of blinking
 z - 3 scrolls of revelation
 A - 4 scrolls of fog
 B - a scroll of fear
 C - 2 scrolls of amnesia
Potions
 c - a potion of cancellation
 d - 2 potions of heal wounds
 g - 4 potions of attraction
 h - a potion of brilliance
 i - a potion of haste
 l - a potion of enlightenment
 o - 3 potions of curing {unknown}
 s - 2 potions of mutation {unknown}
 D - a potion of might {unknown}
 E - a potion of lignification


   Skills:
 + Level 9.4 Fighting
 * Level 12.0 Maces & Flails
 + Level 9.9 Armour
 - Level 2.1 Dodging


You had 10 spell levels left.
You didn't know any spells.
Your spell library was empty.

Dungeon Overview and Level Annotations

Branches:
Dungeon (8/15)             Temple (0/1) D:5            Lair (1/5) D:8

Altars:
Cheibriados
Yredelemnul

Shops:
D:6 ?

Annotations:
D:5 3 runed translucent doors, heinrich's ghost, novice GnWn


Innate Abilities, Weirdness & Mutations

You have a beak for a mouth.
You have claws for feet.
Your magical flight helps you evade attacks. (EV +4)
You can magically evade attacks while moving or waiting.


Message History

You now have 192 gold pieces (gained 10).
A komodo dragon comes into view.
A komodo dragon is nearby!
The komodo dragon hisses angrily.
Found a stone staircase leading down.
You closely miss the komodo dragon. Your kick misses the komodo dragon.
The komodo dragon barely misses you.
You barely miss the komodo dragon. The komodo dragon bites you!
You barely miss the komodo dragon. You claw the komodo dragon.
You peck the komodo dragon, but do no damage.
The komodo dragon is lightly wounded.
The komodo dragon bites you!!
You hit the komodo dragon. You burn the komodo dragon.
You claw the komodo dragon.
You peck the komodo dragon, but do no damage.
The komodo dragon is moderately wounded.
You barely miss the komodo dragon.
The komodo dragon is moderately wounded.
The komodo dragon misses you.
You completely miss the komodo dragon.
You claw the komodo dragon, but do no damage.
The komodo dragon is moderately wounded.
The komodo dragon bites you!
You are too injured to fight recklessly!
You are too injured to fight recklessly!
You are too injured to fight recklessly!
You are too injured to fight recklessly!
You are too injured to fight recklessly!
You are too injured to fight recklessly!
You are too injured to fight recklessly!
You are too injured to fight recklessly!
You are too injured to fight recklessly!
You sock the komodo dragon! You burn the komodo dragon.
You claw the komodo dragon.
The komodo dragon is severely wounded.
The komodo dragon bites you!
* * * LOW HITPOINT WARNING * * *
A red film seems to cover your vision as you go berserk!
You feel yourself moving faster!
You feel mighty! The komodo dragon bites you!!
You die...

. ..... .. ..# #......
..> .P.. #.##..###.+##
......#...........#
#..#...#.+.........# ##
#......+.#.........#
#.###..#................
.......#...+....@l.....#
#.........#............
#.....#...#.#.........#
##.....#.+#..#####.#.P.#
#.......................
#.......................
..†.....................
.......................
###P...............


You could see a komodo dragon.

Vanquished Creatures
  A hydra (Lair:1)
  2 black mambas (Lair:1)
  Maggie (D:8)
  A komodo dragon (Lair:1)
  2 yaks (Lair:1)
  A basilisk (Lair:1)
  3 water moccasins
  2 sky beasts (D:8)
  2 orc warriors (D:7)
  3 black bears
  4 centaurs
  9 wolves (Lair:1)
  2 phantoms
  3 scorpions
  3 bullfrogs
  9 wights
  7 killer bees
  2 howler monkeys
  A bullfrog zombie (D:5)
  5 hounds
  2 quasits (D:6)
  A centaur zombie (D:5)
  4 orc priests
  A bombardier beetle (D:5)
  A jelly (D:5)
  A gnoll bouda (D:7)
  3 iguanas
  5 orc wizards
  4 adders
  3 gnolls (D:7)
  3 shadow imps
  3 white imps (D:6)
  10 ufetubi (D:6)
  4 ribbon worms
  4 dart slugs
  28 orcs
  3 ball pythons
  4 bats
  5 endoplasms
  5 giant cockroaches
  4 goblins
  3 hobgoblins
  2 quokkas
  2 frilled lizards
  7 kobolds
  4 rats
179 creatures vanquished.

Notes
Turn   | Place    | Note
-------+----------+-------------------------------------------
     0 | D:1      | tsouns the Tengu Berserker began the quest for the Orb.
     0 | D:1      | Reached XP level 1. HP: 14/14 MP: 2/2
    83 | D:1      | Reached XP level 2. HP: 13/19 MP: 3/3
   163 | D:1      | You fall into a shaft and drop 1 floor!
   440 | D:2      | Reached XP level 3. HP: 15/23 MP: 4/4
   513 | D:2      | Reached ** piety under Trog
  1339 | D:3      | Reached skill level 4 in Maces & Flails
  1371 | D:3      | Reached XP level 4. HP: 29/29 MP: 5/5
  1714 | D:3      | Noticed a scorpion
  1717 | D:3      | Killed a scorpion
  1718 | D:3      | Reached XP level 5. HP: 33/33 MP: 6/6
  2089 | D:4      | Found a snail-covered altar of Cheibriados.
  2146 | D:4      | Reached XP level 6. HP: 39/39 MP: 7/7
  2185 | D:5      | Entered Level 5 of the Dungeon
  2192 | D:5      | Reached skill level 5 in Maces & Flails
  2355 | D:5      | Found a runed translucent gate.
  2355 | D:5      | Found a runed translucent gate.
  2355 | D:5      | Found a runed translucent gate.
  2355 | D:5      | Noticed heinrich's ghost (novice GnWn)
  2357 | D:5      | Found a basalt altar of Yredelemnul.
  2384 | D:5      | Reached skill level 5 in Fighting
  2494 | D:5      | Gained mutation: Your magical flight helps you evade
                  | attacks. (EV +4) [Tengu growth]
  2494 | D:5      | Reached XP level 7. HP: 16/44 MP: 8/8
  2586 | D:5      | Reached skill level 5 in Armour
  2909 | D:5      | Reached skill level 6 in Maces & Flails
  3076 | D:5      | Found a staircase to the Ecumenical Temple.
  3268 | D:5      | Reached *** piety under Trog
  3293 | D:5      | Reached XP level 8. HP: 39/51 MP: 9/9
  3767 | D:6      | Identified the +6 mace of the Egg {flame, rF+ Dex+5}
  3909 | D:6      | Reached skill level 7 in Maces & Flails
  4016 | D:6      | Reached XP level 9. HP: 57/57 MP: 10/10
  4148 | D:6      | Found Ywkuytu's Magic Scroll Emporium.
  4162 | D:6      | Bought a scroll of fog for 52 gold pieces
  4162 | D:6      | Bought a scroll of revelation for 97 gold pieces
  4162 | D:6      | Bought a scroll of fear for 52 gold pieces
  4162 | D:6      | Bought a scroll of identify for 26 gold pieces
  4162 | D:6      | Bought a scroll of identify for 26 gold pieces
  4552 | D:7      | Reached skill level 8 in Maces & Flails
  5109 | D:7      | Reached skill level 9 in Maces & Flails
  5111 | D:7      | Reached **** piety under Trog
  5844 | D:8      | Noticed Maggie
  5857 | D:8      | Killed Maggie
  5858 | D:8      | Reached skill level 10 in Maces & Flails
  5858 | D:8      | Reached XP level 10. HP: 28/65 MP: 11/11
  6112 | D:8      | Found a staircase to the Lair.
  6716 | Lair:1   | Entered Level 1 of the Lair of Beasts
  6716 | Lair:1   | Noticed an eight-headed hydra
  6730 | Lair:1   | Killed an eight-headed hydra
  6881 | Lair:1   | Reached skill level 11 in Maces & Flails
  7137 | Lair:1   | Noticed a black mamba
  7138 | Lair:1   | Noticed a black mamba
  7143 | Lair:1   | Killed a black mamba
  7149 | Lair:1   | Killed a black mamba
  7410 | Lair:1   | Reached skill level 12 in Maces & Flails
  7410 | Lair:1   | Reached XP level 11. HP: 64/71 MP: 12/12
  7455 | Lair:1   | Slain by a komodo dragon

Illustrated notes

Levels and vault maps discovered:
D:1:      dpeg_arrival_simpleton_c, layout_loops_ring
D:2:      layout_loops_cross
D:3:      layout_loops_cross, kennysheep_cluttered_room, roderic_lattice_a,
          nicolae_hexahallways, st_stairs_2
D:4:      layout_cave_pools, cheibriados_altar_1
D:5:      layout_basic, nicolae_yredelemnul_ghost_church,
          minmay_temple_entry_tees, minmay_misc_feat_cross
D:6:      layout_gridville, serial_shops, nicolae_lakefront_shop,
          serial_demonic, serial_demonic_g, serial_demonic_c, serial_demonic_c,
          serial_demonic_e, serial_demonic_a, serial_demonic_b,
          serial_demonic_b, serial_demonic_c
D:7:      layout_basic, lightli_orcish_oven
D:8:      layout_loops_corners, dpeg_oklobed_lair, uniq_maggie
Lair:1:   layout_chaotic_city, chequers_serial_rivers_large_b,
          beast_lair_carwin_11

Skill      XL: |  1  2  3  4  5  6  7  8  9 10 |
---------------+-------------------------------+-----
Armour         | 3 4 5 7 8 9 |  9.9
Maces & Flails | 4 5 6 7 10 12 | 12.0
Fighting       | 4 5 7 8 9 |  9.4
Dodging        | |  2.1

Action                     |  1- 3 |  4- 6 |  7- 9 | 10-12 || total
---------------------------+-------+-------+-------+-------++-------
  Melee: Mace              |    76 |    15 |   159 |    93 ||   343
         Kick              |    20 |    23 |    68 |    28 ||   139
         Peck              |    10 |    18 |    30 |    19 ||    77
         Whip              |       |    74 |    98 |       ||   172
 Invoke: Berserk           |       |     3 |     3 |     2 ||     8
         Trog's Hand       |       |       |     2 |       ||     2
    Use: Scroll            |       |     5 |     9 |     1 ||    15
         Potion            |       |     1 |       |       ||     1
   Stab: Sleeping          |     3 |       |       |       ||     3
         Distracted        |     1 |       |     1 |       ||     2
 Armour: Animal skin       |    27 |     4 |       |       ||    31
         Scale mail        |       |    52 |   118 |       ||   170
         Chain mail        |       |       |    22 |     3 ||    25
         Acid dragon scale |       |       |       |    49 ||    49
  Dodge: Dodged            |    59 |    52 |   197 |    63 ||   371
  Block: Buckler           |     8 |    15 |    70 |    24 ||   117
